cohdb
Replays
Latest Replays
All Replays
Popular Replays
Top Player Replays
Match Explorer
How It Works
Community
CoH3 Stats
Reddit
Sign in to upload your games and track your stats! →
Sign in with Steam
Match 37530444
Unlisted
Match 37530444
Overview
Messages
Build Orders
End
Construct Infanterie Kompanie
Pioneer Squad
MG 42 Machine Gun Team
Selects Mechanized Battlegroup
MG 42 Machine Gun Team
Grenadier Squad
GrW 34 Mortar Team
Construct Panzergrenadier Kompanie
Selects Spotting Scopes
251 Medium Carrier
MG 42 Bunker
Pak 40 Anti-tank Gun Team
Pak 40 Anti-tank Gun Team
Pioneer Squad
Selects Wespe Self-propelled Artillery
Wespe Self-propelled Artillery
Construct Panzer Kompanie
Selects Raid Package
Panzer IV Medium Tank
Panzergrenadier Squad
Selects 8 Rad Armored Car
Selects UNKNOWN (2160084)
Panther Heavy Tank
Pioneer Squad
Side Skirts
Panzer Officer Quarters
Pioneer Squad
Selects Zeroing Artillery Barrage
Panzer IV Medium Tank
Zeroing Artillery Barrage
Albert103
Volksgrenadier
bjornagain1963
Mox
DibbeTC
Portos26
0
0
Comments
sign in to comment!
No comments posted yet!